AoeStats
← Pepe Poppins

Arabia

508916019Analyzed
1v1 RM · 7d ago on Sep 24, 2026· 42m 45s· 2 players
Game mode
Random Map
Map size
Tiny (2 player)
Population
200
Speed
Normal
Resources
Standard
Victory
Conquest
Starting age
Dark Age
Ending age
Imperial Age
RankedLock teamsTeams togetherTeam positionsShared explorationLock speedFull tech treeHidden civsTurbo modeCheats
Victory
Defeat
453
+18
🇳🇱 Magyars · Netherlands
493
-18
PotbelliedVampireGoblin
5:37 Loom
10:38 Feudal Age
12:01 Double-Bit Axe
20:30 Castle Age
19:12 Gold Mining
21:30 Bow Saw
22:10 Horse Collar
25:14 Heavy Plow
27:36 Scale Mail Armor
27:38 Stone Mining
29:12 Stone Shaft Mining
32:06 Imperial Age
31:45 Treadmill Crane
32:16 Masonry
33:19 Wheelbarrow
33:25 Fletching
33:27 Pikeman
34:29 Chain Mail Armor
36:49 Two-Man Saw
37:24 Halberdier
38:40 Plate Mail Armor
38:24 Forging
40:18 Elite Skirmisher
41:53 Iron Casting
41:14 Bodkin Arrow
41:50 Padded Archer Armor
Pepe Poppins
12:26 Feudal Age
12:58 Horse Collar
13:08 Double-Bit Axe
16:08 Gold Mining
16:08 Stone Mining
22:10 Castle Age
20:08 Stone Mining
27:08 Fletching
27:24 Scale Barding Armor
28:02 Heavy Plow
28:39 Gold Shaft Mining
28:21 Bow Saw
32:33 Corvinian Army
33:31 Bodkin Arrow
33:57 Chain Barding Armor
39:20 Imperial Age
37:22 Ballistics
42:24 Padded Archer Armor
Connection lost

Rejoining the realm…

Still unreachable

The connection could not be restored.

Session expired

The server has moved on; the page needs a fresh start.